 Dungeon Crawl Stone Soup version 0.26-a0-694-g74916bafe0 (webtiles) character file.

Game seed: 10582025655900032554

18741 Peloso the Blocker (level 12, -1/106 HPs)
             Began as a Minotaur Fighter on Oct 25, 2020.
             Was a High Priest of Okawaru.
             Killed by divine providence
             ... invoked by an orc priest
              (9 damage)
             ... on level 11 of the Dungeon.
             The game lasted 00:29:47 (14111 turns).

Peloso the Blocker (Minotaur Fighter)              Turns: 14111, Time: 00:29:47

Health: -1/106     AC: 21    Str: 24    XL:     12   Next: 30%
Magic:  12/12      EV: 10    Int:  5    God:    Okawaru [*****.]
Gold:   588        SH: 18    Dex: 12    Spells: 11/11 levels left

rFire    . . .     SeeInvis .   a - +4 falchion (freeze)
rCold    + + .     Faith    .   c - +0 kite shield
rNeg     + . .     Spirit   .   G - +4 chain mail {rC+}
rPois    .         Reflect  +   q - +2 hat
rElec    .         Harm     .   y - +1 cloak {rC+}
rCorr    .         Rampage  .   l - +0 pair of gloves {archery}
MR       .....                  (no boots)
Stlth    ..........             m - amulet of reflection
HPRegen  0.27/turn              h - ring of positive energy
MPRegen  0.13/turn              (no ring)

@: marked
A: retaliatory headbutt, horns 2
a: Heroism, Finesse, Renounce Religion


You were on level 11 of the Dungeon.
You worshipped Okawaru.
Okawaru was extremely pleased with you.
You visited 2 branches of the dungeon, and saw 12 of its levels.
You also visited: Ice Cave.

You collected 723 gold pieces.
You spent 135 gold pieces at shops.

Inventory:

Hand Weapons
 a - a +4 falchion of freezing (weapon)
 b - a +0 scimitar of flaming
Armour
 c - a +0 kite shield (worn)
 l - a +0 pair of gloves of archery (worn)
 q - a +2 hat (worn)
 y - a +1 cloak of cold resistance (worn)
 z - +0 swamp dragon scales
 G - a +4 chain mail of cold resistance (worn)
Jewellery
 h - a ring of positive energy (left hand)
 m - an amulet of reflection (around neck)
 x - an uncursed ring of wizardry
 B - an uncursed amulet of guardian spirit
 C - an uncursed ring of protection from fire
Wands
 w - a wand of random effects (23)
 D - a wand of polymorph (12)
Scrolls
 f - 6 scrolls of teleportation
 i - a scroll of magic mapping
 j - 2 scrolls of immolation
 n - a scroll of blinking
 p - a scroll of amnesia
 F - 5 scrolls of identify
Potions
 d - 2 potions of flight
 e - a potion of brilliance
 g - a potion of invisibility
 k - 3 potions of curing
 o - 3 potions of stabbing
 r - 2 potions of heal wounds
 s - 2 potions of cancellation
 t - 3 potions of haste
 u - 4 potions of might
 v - 3 potions of mutation


   Skills:
 + Level 10.0 Fighting
 + Level 13.4 Long Blades
 + Level 10.8 Armour
 + Level 4.3 Dodging
 + Level 0.8 Stealth
 + Level 13.7 Shields
 + Level 1.6 Invocations


You had 11 spell levels left.
You didn't know any spells.
Your spell library contained the following spells:

 Spells                   Type           Power        Failure   Level
 Magic Dart               Conj           #...         97%         1
 Searing Ray              Conj           #.....       99%         2
 Dazzling Flash           Conj/Hex       #.....       100%        3
 Fulminant Prism          Conj/Hex       #.........   100%        4
 Iskenderun's Mystic Bla  Conj/Tloc      #.......     100%        4


Dungeon Overview and Level Annotations

Branches:
Dungeon (11/15)            Temple (1/1) D:7            Lair (0/6) D:10
  IceCv (visited)
    Orc: D:9-12

Altars:
Ashenzari
Cheibriados
Gozag
Hepliaklqana
Kikubaaqudgha
Makhleb
Nemelex Xobeh
Okawaru
Qazlal
Ru
Sif Muna
Trog
Vehumet
Wu Jian
Xom
Yredelemnul
Zin
The Shining One

Shops:
D:4 *


Innate Abilities, Weirdness & Mutations

You reflexively headbutt those who attack you in melee.
You have a pair of horns on your head.


Message History

Okawaru accepts your kill. Something hits you. Something hits you!
The orc priest invokes the aid of Beogh against you.
Beogh smites you!
* * * LOW HITPOINT WARNING * * *
You block the hound's attack. The adder misses you.
You slash the orc! You freeze the orc.
You kill the orc!
Okawaru accepts your kill. Something hits you but does no damage.
You block something's attack. The hound bites you but does no damage.
The orc priest invokes the aid of Beogh against you.
Beogh smites you!
* * * LOW HITPOINT WARNING * * *
The adder closely misses you. You furiously retaliate!
You headbutt the adder.
You riposte.
You hit the adder. You freeze the adder.
The adder is heavily wounded.
The orc priest mumbles some strange prayers to Beogh against you.
Beogh smites you!
You die...

*,**,**,* *,**,* *,* *,**,**,*
##,**,* ##########*,* *,**,**,*
*.*,*,* #........#*,*
*,**,**,####.**,* #.######.#*.#
*,**,**,....<##,* #.# ##.##.#
*,**,,,,......o,* #.# ##...#.#
,,,,,,,,......o####.####......#
,,,*****#......h##Z...Y.......#
,,,,,,,,..$...o)@{{.####.....##
,,,*****#....).S##### ##...##
,,,* ##.....## ##.###### ,***
##...#* #......# ,* #.#.*
######.# ,* #.#.* #.# ** #,#,*
#.# ***** #.# ####### #.#


You could see a yak, a hound, 2 orc priests, an adder, an orc and a wolf spider
zombie.

Vanquished Creatures
  A frost giant (IceCv)
  Erolcha (D:9)
  Harold (D:10)
  Erica (D:9)
  A two-headed ogre (D:11)
  Pikel (D:7)
  2 ugly things (D:11)
  A manticore (D:8)
  An ice statue (IceCv)
  Maggie (D:7)
  2 ice devils (D:11)
  A troll (D:10)
  17 polar bears (IceCv)
  5 slime creatures (D:9)
  Prince Ribbit (D:9)
  Sigmund (D:5)
  8 yaks (IceCv)
  Eustachio (D:5)
  A wyvern (D:10)
  A steam dragon (D:10)
  4 water moccasins
  3 orc warriors
  2 sky beasts
  An eye of draining (D:11)
  A black bear (D:9)
  3 ogres
  A phantom (D:6)
  9 wolves (IceCv)
  2 centaurs
  A lemure (D:7)
  A big kobold (D:11)
  12 bullfrogs
  2 scorpions
  3 killer bees (D:7)
  14 wights
  3 howler monkeys
  2 bullfrog zombies (D:10)
  9 hounds
  2 quasits
  Crazy Yiuf (D:6)
  9 orc priests
  4 jellies
  4 orc wizards
  A bullfrog skeleton (D:7)
  2 centaur skeletons (D:9)
  2 iguanas (D:10)
  5 worker ants
  A hound skeleton (D:6)
  11 gnolls
  12 adders
  A shadow imp (D:9)
  3 white imps
  An ufetubus (D:5)
  An adder zombie (D:7)
  An adder skeleton (D:10)
  A worm (D:3)
  A dart slug (D:3)
  5 leopard geckos
  41 orcs
  8 giant cockroaches
  4 goblins
  8 hobgoblins
  9 jackals
  3 quokkas
  3 ball pythons
  7 bats
  5 frilled lizards
  A jackal skeleton (D:4)
  10 kobolds
  3 rats
292 creatures vanquished.

Vanquished Creatures (others)
  A jackal (D:10)
  8 plants (D:7)
9 creatures vanquished.

Grand Total: 301 creatures vanquished

Notes
Turn   | Place    | Note
-------+----------+-------------------------------------------
     0 | D:1      | Peloso the Minotaur Fighter began the quest for the Orb.
     0 | D:1      | Reached XP level 1. HP: 19/19 MP: 0/0
   196 | D:1      | Reached XP level 2. HP: 27/27 MP: 1/1
   878 | D:2      | Reached XP level 3. HP: 28/33 MP: 2/2
  1086 | D:2      | Reached skill level 1 in Dodging
  1311 | D:2      | Reached XP level 4. HP: 40/40 MP: 3/3
  2075 | D:3      | Reached skill level 5 in Armour
  2075 | D:3      | Reached XP level 5. HP: 35/46 MP: 4/4
  3033 | D:4      | Found a sparkling altar of Nemelex Xobeh.
  3034 | D:4      | Found a shimmering blue altar of Sif Muna.
  3035 | D:4      | Found a radiant altar of Vehumet.
  3035 | D:4      | Found a burning altar of Makhleb.
  3035 | D:4      | Noticed an orc warrior
  3036 | D:4      | Found a broken altar of Ashenzari.
  3067 | D:3      | Killed an orc warrior
  3067 | D:3      | Reached XP level 6. HP: 22/53 MP: 5/5
  3259 | D:3      | Reached skill level 5 in Shields
  3344 | D:4      | Reached skill level 5 in Long Blades
  3598 | D:4      | Reached XP level 7. HP: 35/60 MP: 6/6
  3906 | D:4      | Found a glowing silver altar of Zin.
  4009 | D:4      | Found Miurgh's Assorted Antiques.
  4014 | D:4      | Bought a scroll of immolation for 105 gold pieces
  4014 | D:4      | Bought a scroll labeled CINEGU SOASUHO for 30 gold pieces
  4312 | D:5      | Entered Level 5 of the Dungeon
  4516 | D:5      | Noticed Sigmund
  4530 | D:5      | Killed Sigmund
  4578 | D:5      | Noticed Eustachio
  4653 | D:5      | Killed Eustachio
  4653 | D:5      | Reached skill level 5 in Fighting
  4653 | D:5      | Reached XP level 8. HP: 68/68 MP: 7/7
  5051 | D:5      | Found a basalt altar of Yredelemnul.
  5072 | D:5      | Found a glowing golden altar of the Shining One.
  5171 | D:5      | Noticed an angel
  5297 | D:6      | Found a runed translucent door.
  5298 | D:6      | Noticed Crazy Yiuf
  6188 | D:6      | Killed Crazy Yiuf
  6251 | D:7      | Noticed Pikel
  6274 | D:7      | Killed Pikel
  6274 | D:7      | Reached XP level 9. HP: 37/75 MP: 8/8
  6821 | D:7      | Found a staircase to the Ecumenical Temple.
  6852 | Temple   | Entered the Ecumenical Temple
  6866 | Temple   | Became a worshipper of Warmaster Okawaru
  6954 | D:7      | Noticed Maggie
  6976 | D:7      | Killed Maggie
  7115 | D:7      | Reached skill level 10 in Long Blades
  7551 | D:8      | Reached skill level 10 in Shields
  8044 | D:8      | Noticed a manticore
  8055 | D:8      | Reached XP level 10. HP: 86/86 MP: 9/9
  8063 | D:8      | Killed a manticore
  8063 | D:8      | Reached * piety under Okawaru
  8511 | D:9      | Noticed Prince Ribbit
  8610 | D:9      | Killed Prince Ribbit
  8785 | D:9      | Noticed Erica
  8801 | D:9      | Killed Erica
  8801 | D:9      | Reached ** piety under Okawaru
  9541 | D:9      | Noticed Erolcha
  9548 | D:9      | Killed Erolcha
  9548 | D:9      | Reached *** piety under Okawaru
 10486 | D:9      | Reached XP level 11. HP: 74/95 MP: 10/10
 10505 | D:10     | Entered Level 10 of the Dungeon
 10509 | D:10     | Reached **** piety under Okawaru
 10805 | D:10     | Found a stormy altar of Qazlal.
 10837 | D:10     | Found a staircase to the Lair.
 11142 | D:10     | Noticed Harold
 11164 | D:10     | Killed Harold
 11531 | D:11     | Noticed a two-headed ogre
 11543 | D:11     | Killed a two-headed ogre
 11543 | D:11     | Reached skill level 10 in Armour
 11630 | D:11     | Found a frozen archway.
 11957 | IceCv    | Entered an ice cave
 12120 | IceCv    | Reached ***** piety under Okawaru
 12136 | IceCv    | Reached skill level 1 in Invocations
 13177 | IceCv    | Received a gift from Okawaru
 13193 | IceCv    | Reached XP level 12. HP: 96/106 MP: 9/12
 13244 | IceCv    | Noticed a frost giant
 13261 | IceCv    | Killed a frost giant
 14086 | D:11     | Reached skill level 10 in Fighting
 14111 | D:11     | Killed from afar by an orc priest

Illustrated notes

Levels and vault maps discovered:
D:1:      mrwooster_arrival_statue, layout_basic, hex_large
D:2:      layout_loops_ring
D:3:      layout_basic
D:4:      layout_loops_ring, grunt_temple_overflow_open, serial_shops,
          nicolae_shop_waterfront
D:5:      layout_loops_ring, grunt_temple_overflow_holy_war, uniq_sigmund,
          uniq_eustachio
D:6:      layout_layer_cave, uniq_crazy_yiuf_cottage
D:7:      layout_loops_ring, minmay_temple_entry_gardened_gates, uniq_maggie,
          uniq_pikel
D:8:      layout_basic, kennysheep_generic_room_3
D:9:      layout_roguey, nrook_mini_backslash, uniq_erica, uniq_prince_ribbit1,
          uniq_erolcha
D:10:     layout_cave_pools, lair_entry_dummy, lemuel_altar_in_water,
          uniq_harold
D:11:     layout_loops_ring, portal_ice_cave_demonic_guard, abandoned_shop,
          minivault_16
Temple:   nicolae_temple_great_sept

Skill      XL: |  1  2  3  4  5  6  7  8  9 10 11 12 |
---------------+-------------------------------------+-----
Fighting       | 4 5 7 8 9 10 | 10.0
Armour         | 4 5 6 7 8 9 10 | 10.8
Long Blades    | 3 4 5 6 8 10 11 13 | 13.4
Dodging        | 1 2 4 |  4.3
Shields        | 4 5 7 8 10 11 13 | 13.7
Invocations    | 1 |  1.6
Stealth        | |  0.8

Action                   |  1- 3 |  4- 6 |  7- 9 | 10-12 || total
-------------------------+-------+-------+-------+-------++-------
Melee: Long sword        |   108 |   176 |   269 |       ||   553
       Headbutt          |    16 |    31 |    91 |   147 ||   285
       Falchion          |       |       |   182 |   611 ||   793
Invok: Heroism           |       |       |       |     7 ||     7
  Use: Scroll            |     3 |     4 |     3 |    13 ||    23
       Potion            |       |     4 |       |     4 ||     8
Armor: Scale mail        |    50 |    51 |       |       ||   101
       Plate armour      |       |    28 |   135 |    92 ||   255
       Chain mail        |       |       |       |   146 ||   146
Dodge: Dodged            |    42 |    49 |    54 |   129 ||   274
Block: Kite shield       |    59 |   142 |   335 |   541 ||  1077
       Reflection        |       |       |     3 |     4 ||     7
       Rpst.: Long sword |    13 |    13 |     9 |       ||    35
       Falchion          |       |       |     5 |    18 ||    23

Table legend: (Time is in decaauts)
 A = Elapsed time spent in this place.
 B = Non-inter-level travel time spent in this place.
 C = Inter-level travel time spent in this place.
 D = Time resting spent in this place.
 E = Time spent auto-exploring this place.
 F = Levels seen in this place.
 G = Mean time per level.
                   A        B        C        D        E       F      G
               +--------+--------+--------+--------+--------+-----+--------+
         Total |  14030 |  13661 |    369 |   2219 |   8374 |  13 | 1079.2 |
       Dungeon |  12287 |  11918 |    369 |   1627 |   7654 |  11 | 1117.0 |
        Temple |     26 |     26 |      0 |      0 |      0 |   1 |   26.0 |
      Ice Cave |   1715 |   1715 |      0 |    592 |    720 |   1 | 1715.0 |
               +--------+--------+--------+--------+--------+-----+--------+

Top non-repeatable levels by time:
     D:9: 1865 daAuts
   IceCv: 1715 daAuts
     D:3: 1414 daAuts
     D:8: 1341 daAuts
     D:7: 1217 daAuts
     D:2: 1210 daAuts
     D:4: 1114 daAuts
     D:6: 1050 daAuts
     D:5: 919 daAuts
    D:11: 808 daAuts
    D:10: 683 daAuts
     D:1: 662 daAuts
  Temple: 26 daAuts
